 Dungeon Crawl Stone Soup version 0.17-a0-2220-g6fea741 (webtiles) character file.

2164 radek the Infuser (level 9, 0/45 HPs)
             Began as a Deep Elf Conjurer on Oct 28, 2015.
             Was an Initiate of Vehumet.
             Slain by a wolf (9 damage)
             ... on level 8 of the Dungeon.
             The game lasted 00:33:24 (8002 turns).

radek the Infuser (Deep Elf Conjurer)               Turns: 8002, Time: 00:33:24

Health: 0/45       AC:  8    Str:  6    XL:     9   Next: 10%
Magic:  13/19      EV:  9    Int: 23    God:    Vehumet [......]
Gold:   368        SH:  0    Dex: 15    Spells: 2 memorised, 13 levels left

rFire  . . .     SeeInvis .     H - staff of conjuration
rCold  . . .     Clarity  .     a - +0 robe
rNeg   . . .     SustAt   .     (no shield)
rPois  .         Gourm    .     (no helmet)
rElec  .         Spirit   .     o - +1 cloak
rCorr  .         Warding  .     y - +0 pair of gloves
rMut   .         Stasis   .     q - +2 pair of boots
MR     .....                    (no amulet)
Stlth  ++........               (no ring)
                                (no ring)

@: not resistant to hostile enchantments, unstealthy
A: no striking features
a: Renounce Religion


You were on level 8 of the Dungeon.
You worshipped Vehumet.
Vehumet was noncommittal.
You were not hungry.

You visited 2 branches of the dungeon, and saw 9 of its levels.

You collected 368 gold pieces.

Inventory:

Hand Weapons
 r - a +0 dagger
 C - a +1 dagger of flaming
Armour
 a - a +0 robe (worn)
 o - a +1 cloak (worn)
 q - a +2 pair of boots (worn)
 y - a +0 pair of gloves (worn)
Magical Staves
 w - an uncursed staff of earth
 H - an uncursed staff of conjuration (weapon)
Jewellery
 x - an uncursed amulet of the gourmand {unknown}
Wands
 z - a wand of digging (5)
 B - a wand of heal wounds (4)
Scrolls
 e - 2 scrolls of noise
 f - a scroll of blinking
 g - 2 scrolls of recharging
 h - 3 scrolls of identify
 i - 2 scrolls of fear
 p - a scroll of random uselessness
 s - 5 scrolls of remove curse
 t - 2 scrolls of amnesia
 u - a scroll of enchant armour
Potions
 d - a potion of agility {unknown}
 j - 2 potions of lignification
 k - 3 potions of heal wounds {unknown}
 l - a potion of degeneration {unknown}
 n - 3 potions of curing
 v - a potion of haste {unknown}
 A - a potion of beneficial mutation {unknown}
 D - a potion of invisibility {unknown}
 E - 2 potions of mutation {unknown}
 F - a potion of flight {unknown}
Books
 b - a book of Conjurations

   Spells                             Type                      Level
   a - Magic Dart                     Conjuration                  1
   b - Searing Ray                    Conjuration                  2
   c - Dazzling Spray                 Conjuration/Hexes            3
   d - Fulminant Prism                Conjuration/Hexes            4
   e - Iskenderun's Mystic Blast      Conjuration                  4
   f - Iskenderun's Battlesphere      Conjuration/Charms           5
Comestibles
 c - 3 bread rations
 m - 2 meat rations


   Skills:
 + Level 2.0 Armour
 + Level 3.7 Dodging
 - Level 2.4 Stealth
 * Level 5.8 Spellcasting
 * Level 8.1 Conjurations
 - Level 12.1 Charms


You had 13 spell levels left.
You knew the following spells:

 Your Spells              Type           Power        Failure   Level  Hunger
a - Magic Dart            Conj           ####         1%          1    None
b - Iskenderun's Battles  Conj/Chrm      ######..     4%          5    #####..


Dungeon Overview and Level Annotations

Branches:
Dungeon (8/15)             Temple (1/1) D:7
   Lair: D:8-11

Altars:
Ashenzari
Cheibriados
Dithmenos
Elyvilon
Fedhas
Gozag
Kikubaaqudgha
Makhleb
Nemelex Xobeh
Okawaru
Qazlal
Ru
Sif Muna
Vehumet
Xom
Yredelemnul
Zin

Shops:
D:5 }   D:6 }


Message History

* * * LOW HITPOINT WARNING * * *
The hound bites your battlesphere.
The hound stops to sniff the ground.
The wolf bites you but does no damage. The hound bites your battlesphere.
The hound bites your battlesphere. The wolf closely misses you.
The hound bites your battlesphere. The hound bites you but does no damage.
The hound closely misses you. The jackal bites your battlesphere.
The jackal bites your battlesphere. The jackal bites your battlesphere.
The jackal barely misses your battlesphere.
The wolf bites you.
* * * LOW HITPOINT WARNING * * *
The jackal bites your battlesphere. The wolf barely misses you.
The jackal bites your battlesphere.
Your battlesphere is destroyed!
There is a stone staircase leading up here.
Drink which item? (? for menu, Esc to quit)
Okay, then.
The wolf closely misses you. The wolf bites you!
You die...

#..## #..# #..# #.h#
#.## ##h# #..# #####
###..## ####..@#
###.....##
#....hh####.hh.....#
.......hh..§h..##...#
#######..h..h#####...#
##...### ...# #...#
#...# #...# #... #...#
... #####


You could see a wolf, 3 hounds and a jackal.

Vanquished Creatures
  Menkaure (D:4)
  A water moccasin (D:7)
  2 orc warriors (D:7)
  2 ogres
  A phantom (D:4)
  2 centaurs (D:5)
  5 giant frogs
  A water moccasin skeleton (D:7)
  5 killer bees (D:6)
  3 crimson imps
  2 orc priests (D:7)
  5 hounds
  3 orc wizards
  A giant frog skeleton (D:6)
  A centaur skeleton (D:5)
  An iguana (D:7)
  2 worker ants (D:4)
  A hound zombie (D:5)
  A hound skeleton (D:7)
  5 adders
  An ooze (D:2)
  An adder skeleton (D:7)
  2 adder zombies
  3 worms
  2 giant geckos
  28 orcs
  A ball python (D:4)
  11 goblins
  8 hobgoblins
  5 kobolds
  8 quokkas
  8 bats
  7 giant cockroaches
  A giant cockroach zombie (D:5)
  3 giant newts
  5 jackals (D:2)
  A jackal zombie (D:6)
  5 rats
145 creatures vanquished.

Notes
Turn   | Place    | Note
--------------------------------------------------------------
     0 | D:1      | radek the Deep Elf Conjurer began the quest for the Orb.
     0 | D:1      | Reached XP level 1. HP: 10/10 MP: 6/6
   193 | D:1      | Reached XP level 2. HP: 9/15 MP: 2/8
   316 | D:1      | Reached skill level 5 in Conjurations
  1000 | D:2      | Reached XP level 3. HP: 19/19 MP: 5/9
  1456 | D:2      | Found a shadowy altar of Dithmenos.
  1460 | D:2      | Reached skill level 6 in Conjurations
  1906 | D:2      | Reached XP level 4. HP: 24/24 MP: 8/10
  2238 | D:3      | Found a burning altar of Makhleb.
  2248 | D:3      | Reached skill level 7 in Conjurations
  2248 | D:3      | Reached XP level 5. HP: 24/28 MP: 4/11
  2255 | D:3      | Learned a level 5 spell: Iskenderun's Battlesphere
  2411 | D:3      | Found a deep blue altar of Sif Muna.
  2714 | D:3      | Reached skill level 1 in Charms
  3215 | D:4      | Noticed an ogre
  3221 | D:4      | Killed an ogre
  3376 | D:4      | Reached XP level 6. HP: 32/32 MP: 5/12
  3437 | D:4      | Reached skill level 5 in Charms
  3730 | D:4      | Noticed a phantom
  3735 | D:4      | Killed a phantom
  3883 | D:4      | Noticed Menkaure
  3892 | D:4      | Killed Menkaure
  3892 | D:4      | Reached skill level 8 in Charms
  3892 | D:4      | Reached XP level 7. HP: 36/36 MP: 6/13
  4416 | D:4      | Found a glowing silver altar of Zin.
  4417 | D:4      | Noticed an angel
  4445 | D:5      | Entered Level 5 of the Dungeon
  4674 | D:5      | Found an opulent altar of Gozag.
  4674 | D:5      | Found a sparkling altar of Nemelex Xobeh.
  4703 | D:5      | Found Luhugy's Gadget Boutique.
  5029 | D:5      | Reached skill level 9 in Charms
  5046 | D:5      | Reached skill level 10 in Charms
  5601 | D:6      | Found Tudomuuq's Gadget Emporium.
  5638 | D:6      | Reached skill level 11 in Charms
  5638 | D:6      | Reached XP level 8. HP: 25/41 MP: 0/14
  6097 | D:6      | Found a white marble altar of Elyvilon.
  6100 | D:6      | Found an ancient bone altar of Kikubaaqudgha.
  6103 | D:6      | Found a sacrificial altar of Ru.
  6270 | D:6      | Reached skill level 12 in Charms
  6503 | D:7      | Found a shattered altar of Ashenzari.
  6742 | D:7      | Reached skill level 1 in Armour
  6957 | D:7      | Found a staircase to the Ecumenical Temple.
  6966 | Temple   | Entered the Ecumenical Temple
  7005 | Temple   | Became a worshipper of Vehumet
  7193 | D:7      | Reached skill level 5 in Spellcasting
  7523 | D:7      | Reached XP level 9. HP: 9/45 MP: 8/19
  8002 | D:8      | Slain by a wolf

Vault maps used:
D:1:      lightli_arrival_boilingwater
D:2:      lemuel_round_altar
D:3:      lemuel_doored_altar, makhleb_grotto_becter
D:4:      zin_angel, uniq_menkaure
D:5:      grunt_temple_overflow_opulence, serial_shops, shop, first_bread
D:6:      grunt_temple_overflow_diamond, serial_shops, kennysheep_mini
D:7:      ashenzari_conservatory_becter, minmay_temple_entry_poolview
D:8:      erik_lair_island, uniq_psyche, uniq_gastronok
Temple:   temple_island_7

Action                   |  1- 3 |  4- 6 |  7- 9 || total
-------------------------+-------+-------+-------++-------
Melee: Unarmed           |       |    10 |       ||    10
       Dagger            |       |     1 |       ||     1
       Staff             |       |       |    16 ||    16
 Cast: Magic Dart        |    76 |   112 |   166 ||   354
       Iskenderun's Batt |       |     2 |    19 ||    21
  Use: Scroll            |       |     8 |     3 ||    11
       Potion            |       |       |     3 ||     3
  Eat: Chunk             |     3 |     6 |    12 ||    21
       Fruit             |       |       |     3 ||     3
       Meat ration       |       |       |     1 ||     1
